 Dungeon Crawl Stone Soup version 0.31-a0-1242-g57893ffec4 (webtiles) character file.

Game seed: 5146877753782312273

905 Kenran the Carver (level 7, -1/55 HPs)
             Began as a Vampire Fighter on Dec 16, 2023.
             Succumbed to a water moccasin's poison
             ... on level 6 of the Dungeon.
             The game lasted 00:08:20 (3963 turns).

Kenran the Carver (Vampire Fighter)                 Turns: 3963, Time: 00:08:21

Health: -1/55      AC: 13    Str: 15    XL:     7   Next: 80%
Magic:  7/7        EV:  3    Int: 10    God:
Gold:   273        SH:  4    Dex: 14    Spells: 6/6 levels left

rFire   + . .        a - +0 long sword
rCold   . . .        c - +0 buckler
rNeg    . . .        u - +0 plate armour
rPois   .            r - +0 helmet
rElec   .            q - +0 cloak
rCorr   +            (no gloves)
SInv    +            (no boots)
Will    .....        (no amulet) Stlth
                     m - ring of resist corrosion
HPRegen 0.49/turn    (no ring)
MPRegen 0.10/turn

%: random rage (3%)
@: lethally poisoned (-1 -> -7), healing quickly
A: alive, fangs 3, see invisible, vampiric 2, berserk 1, fire resistance 1, weak
1, MP-powered wands
a: Exsanguinate


You were on level 6 of the Dungeon.
You visited 1 branch of the dungeon, and saw 6 of its levels.

You collected 273 gold pieces.

Inventory:

Hand Weapons
 a - a +0 long sword (weapon)
Armour
 c - a +0 buckler (worn)
 q - a +0 cloak (worn)
 r - a +0 helmet (worn)
 s - a scarf of resistance
 u - a +0 plate armour (worn)
Jewellery
 m - a ring of resist corrosion (left hand)
Wands
 p - a wand of flame (17)
Scrolls
 b - a scroll of butterflies {unknown}
 e - 3 scrolls of teleportation
 f - a scroll of immolation {!r}
 g - a scroll of poison {unknown}
 h - a scroll of fog
 i - 2 scrolls of silence
 l - a scroll of enchant armour {unknown}
 n - a scroll of noise {unknown}
 o - a scroll of acquirement {unknown}
 v - a scroll of blinking {unknown}
 w - 2 scrolls of identify {@r1}
Potions
 d - 2 potions of might
 j - a potion of lignification {!q}
 k - 4 potions of mutation {!q}
 t - a potion of ambrosia {unknown}
 x - a potion of cancellation


   Skills:
 + Level 4.9 Fighting
 - Level 8.0 Long Blades
 - Level 2.4 Armour
 - Level 2.6 Shields


You had 6 spell levels left.
You didn't know any spells.
Your spell library contained the following spells:

 Spells                   Type           Power      Damage    Failure   Level
 Apportation              Tloc           0%         N/A       100%        1
 Blink                    Tloc           0%         N/A       100%        2
 Cigotuvi's Dreadful Rot  Necr/Pois/Air  0%         N/A       100%        2
 Jinxbite                 Hex            0%         N/A       100%        2
 Ignite Poison            Fire/Tmut/Pois 0%         N/A       100%        3
 Manifold Assault         Tloc           0%         N/A       100%        4
 Alistair's Intoxication  Tmut/Pois      0%         N/A       100%        5
 Freezing Cloud           Conj/Ice/Air   0%         6-21      100%        5


Dungeon Overview and Level Annotations

Branches:
Dungeon (6/15)
 Temple: D:4-7

Altars:
Ashenzari

Shops:
D:4 [

Annotations:
D:5 exclusion: downstairs


Innate Abilities, Weirdness & Mutations

Your natural rate of healing is accelerated.
You have razor-sharp teeth.
You have supernaturally acute eyesight. (SInv)
You are afflicted with vampirism and can become a bat while bloodless.
You sometimes lose your temper in combat.
Your flesh is heat resistant. (rF+)
You are weak. (Str -2)
You expend magic power (3 MP) to strengthen your wands.


Message History

You feel sick.
The water moccasin bites you but does no damage.
You closely miss the water moccasin. Your bite misses the water moccasin.
The water moccasin is heavily wounded.
You feel sick. You block the water moccasin's attack.
The water moccasin bites you but does no damage.
You barely miss the water moccasin. You bite the water moccasin.
The water moccasin is severely wounded.
You feel sick. The water moccasin bites you.
* * * LOW HITPOINT WARNING * * *
You slash the water moccasin!
The water moccasin is almost dead.
You feel sick. The water moccasin bites you.
* * * LOW HITPOINT WARNING * * *
The water moccasin bites you but does no damage.
You barely miss the water moccasin.
The water moccasin is almost dead.
You feel sick.
The water moccasin bites you but does no damage.
You completely miss the water moccasin.
The water moccasin is almost dead.
You feel sick.
The water moccasin bites you but does no damage.
You block the water moccasin's attack.
You hit the water moccasin but do no damage.
The water moccasin is almost dead.
You feel sick.
You are no longer poisoned.
The water moccasin bites you.
* * * LOW HITPOINT WARNING * * *
You are lethally poisoned!
The water moccasin poisons you!
You barely miss the water moccasin.
The water moccasin is almost dead.
* * * LOW HITPOINT WARNING * * *
You feel very sick. The water moccasin bites you.
* * * LOW HITPOINT WARNING * * *
It was a potion of cancellation.
You feel magically purged.
You die...

##........
#.......... .
##.......... #.
#........... #..
#...........
#..##...........
#...............
#......$....
##@S........
#..........
#..........
#..........
##ยป........
##.......#
#########


You could see a water moccasin.

Vanquished Creatures
  Sigmund (D:2)
  A black bear (D:5)
  A phantom (D:5)
  2 scorpions
  4 hounds
  A gnoll bouda (D:3)
  A sleepcap (D:5)
  Jessica (D:3)
  An iguana (D:5)
  Robin (D:3)
  7 adders
  4 gnolls
  2 ufetubi (D:5)
  3 worms
  2 orcs (D:4)
  5 bats
  9 endoplasms
  3 giant cockroaches
  14 hobgoblins
  5 quokkas
  9 ball pythons
  3 frilled lizards
  13 goblins
  5 kobolds
  8 rats
106 creatures vanquished.

Notes
Turn   | Place    | Note
-------+----------+-------------------------------------------
     0 | D:1      | Kenran the Vampire Fighter began the quest for the Orb.
     0 | D:1      | Reached XP level 1. HP: 17/17 MP: 1/1
   142 | D:1      | Reached XP level 2. HP: 23/24 MP: 2/2
   513 | D:1      | Reached skill level 3 in Long Blades
   864 | D:2      | Gained mutation: You are afflicted with vampirism and can
                  | become a bat while bloodless. [Vampire growth]
   864 | D:2      | Reached XP level 3. HP: 27/29 MP: 3/3
  1030 | D:2      | Noticed Sigmund
  1036 | D:2      | Found a faded altar of an unknown god.
  1039 | D:2      | Killed Sigmund
  1040 | D:2      | Reached skill level 5 in Long Blades
  1040 | D:2      | Reached XP level 4. HP: 20/35 MP: 4/4
  1040 | D:2      | Reached XP level 5. HP: 24/41 MP: 5/5
  1918 | D:3      | Reached skill level 6 in Long Blades
  1930 | D:3      | Found a broken altar of Ashenzari.
  1954 | D:3      | Noticed Robin
  1961 | D:3      | Gained mutation: You sometimes lose your temper in combat.
                  | [potion of mutation]
  1961 | D:3      | Gained mutation: You expend magic power (3 MP) to
                  | strengthen your wands. [potion of mutation]
  1961 | D:3      | Gained mutation: You are weak. (Str -2) [potion of
                  | mutation]
  1961 | D:3      | Gained mutation: Your flesh is heat resistant. (rF+)
                  | [potion of mutation]
  1964 | D:3      | Killed Robin
  2064 | D:3      | Noticed Jessica
  2073 | D:3      | Killed Jessica
  2074 | D:3      | Reached XP level 6. HP: 47/47 MP: 6/6
  2546 | D:4      | Found Huin's Antique Armour Shoppe.
  3086 | D:4      | Reached skill level 7 in Long Blades
  3209 | D:5      | Entered Level 5 of the Dungeon
  3238 | D:5      | Reached XP level 7. HP: 13/52 MP: 7/7
  3269 | D:4      | HP: 3/78 [hound (4)]
  3278 | D:4      | Reached skill level 8 in Long Blades
  3923 | D:6      | Noticed a steam dragon
  3962 | D:6      | HP: 1/55 [water moccasin (3)]
  3963 | D:6      | Succumbed to a water moccasin's poison

Illustrated notes

Levels and vault maps discovered:
D:1:      spicycebolla_green_bress_n_ham, layout_basic
D:2:      layout_loops_corners, hellmonk_ecumenical_altar_blasted, uniq_sigmund
D:3:      layout_loops_cross, amcnicky_altar_gilded, uniq_jessica, uniq_robin
D:4:      layout_loops_ring, serial_shops, nicolae_shop_waterfront
D:5:      layout_rooms, grunt_decor_cap
D:6:      layout_cave_pods, minmay_temple_entry_stoned_glass

Skill      XL: |  1  2  3  4  5  6  7 |
---------------+----------------------+-----
Fighting       | 3 4 |  4.9
Long Blades    | 3 5 6 7 8 |  8.0
Armour         | |  2.4
Shields        | |  2.6

Action                     |  1- 3 |  4- 6 |  7- 9 || total
---------------------------+-------+-------+-------++-------
  Melee: Long sword        |    65 |   176 |   116 ||   357
         Bite              |     8 |    20 |     9 ||    37
    Use: Scroll            |     3 |       |       ||     3
         Potion            |     1 |     1 |     6 ||     8
 Armour: Scale mail        |    41 |    56 |       ||    97
         Plate armour      |       |    92 |   120 ||   212
         Skin              |       |       |    62 ||    62
  Dodge: Dodged            |    12 |    41 |    18 ||    71
  Block: Buckler           |    17 |    32 |    27 ||    76

Table legend: (Time is in decaauts)
 A = Elapsed time spent in this place.
 B = Non-inter-level travel time spent in this place.
 C = Inter-level travel time spent in this place.
 D = Time resting spent in this place.
 E = Time spent auto-exploring this place.
 F = Levels seen in this place.
 G = Mean time per level.
                   A        B        C        D        E       F      G
               +--------+--------+--------+--------+--------+-----+--------+
         Total |   4095 |   3891 |    204 |    256 |   2548 |   6 |  682.5 |
       Dungeon |   4095 |   3891 |    204 |    256 |   2548 |   6 |  682.5 |
               +--------+--------+--------+--------+--------+-----+--------+

Top non-repeatable levels by time:
     D:2: 999 daAuts
     D:4: 882 daAuts
     D:3: 843 daAuts
     D:1: 778 daAuts
     D:5: 565 daAuts
     D:6: 26 daAuts
